 Dungeon Crawl Stone Soup version 0.24.0-123-gd5b16e6ec5 (webtiles) character file.

Game seed: 16466063237394692708, levelgen mode: deterministic

77 Bergy the Slasher (level 4, 0/28 HPs)
             Began as a Gargoyle Fighter on Dec 30, 2019.
             Killed from afar by Natasha (2 damage)
             ... with a magic dart
             ... on level 2 of the Dungeon.
             The game lasted 00:02:32 (1400 turns).

Bergy the Slasher (Gargoyle Fighter)                Turns: 1400, Time: 00:02:33

Health: 0/28       AC: 10    Str: 21    XL:     4   Next: 34%
Magic:  4/4        EV:  7    Int:  8    God:
Gold:   122        SH:  9    Dex:  9    Spells: 3/3 levels left

rFire    . . .     SeeInvis .   a - +0 long sword
rCold    . . .     Gourm    .   c - +0 shield
rNeg     + . .     Faith    .   b - +0 scale mail
rPois    ∞         Spirit   .   (no helmet)
rElec    +         Reflect  .   (no cloak)
rCorr    .         Harm     .   (no gloves)
MR       .....                  (no boots)
Stlth    ..........             (no amulet)
HPRegen  0.09/turn              (no ring)
MPRegen  0.09/turn              (no ring)

@: slowed, very slow
A: negative energy resistance 1, electricity resistance, unbreathing,
petrification resistance, rot immunity, AC +3
a: no special abilities


You were on level 2 of the Dungeon.
You were not hungry.

You visited 1 branch of the dungeon, and saw 2 of its levels.

You collected 122 gold pieces.

Inventory:

Hand Weapons
 a - a +0 long sword (weapon)
Armour
 b - a +0 scale mail (worn)
 c - a +0 shield (worn)
Jewellery
 h - a +4 ring of protection {unknown}
Scrolls
 i - a scroll of enchant armour {unknown}
 j - a scroll of teleportation {unknown}
 k - a scroll of remove curse {unknown}
 l - 2 scrolls of identify {unknown}
 m - a scroll of fog {unknown}
Potions
 d - 2 potions of might
 e - a potion of heal wounds {unknown}
 n - 2 potions of mutation {unknown}
Comestibles
 f - 3 rations
 g - 2 chunks of flesh


   Skills:
 - Level 3.2 Fighting
 * Level 4.1 Long Blades
 - Level 3.2 Armour
 - Level 3.2 Shields


You had 3 spell levels left.
You didn't know any spells.
Your spell library was empty.

Dungeon Overview and Level Annotations

Branches:
Dungeon (2/15)

Altars:

Annotations:
D:2 Natasha


Innate Abilities, Weirdness & Mutations

You are resistant to torment.
Your stone body is resilient. (AC +3)
You are immune to poison.
You resist negative energy. (rN+)
You are resistant to electric shocks. (rElec)
You can survive without breathing.
You are immune to petrification.
You are immune to rotting.


Message History

Natasha is lightly wounded.
You block the bat's attack. Natasha claws you!
Natasha claws you but does no damage.
You hit Natasha but do no damage.
Natasha is lightly wounded.
You block the bat's attack.
The iron imp hits you but does no damage.
You block Natasha's attack. You block the iron imp's attack.
You closely miss Natasha.
Natasha is lightly wounded.
Natasha claws you!
* * * LOW HITPOINT WARNING * * *
The bat hits you but does no damage. You block the iron imp's attack.
You block Natasha's attack.
You slash Natasha!
Natasha is almost dead.
You block the bat's attack. Natasha casts a spell at you.
The magic dart hits you.
You die...

##.#.##...#.#....####
##'#.................
#.....#####......####
#....b# #......+ #.
#.....# ##......# #.
#.....# ........#.#.
#.....## ##.#....#.#.
##...5.# #.##+#...#.
###@#.# #.##.#.###÷
#h#.# #.#.###. #5..#
#....##. ##..#
#....... #..#
#....### ##.# #....#
#.. #.###### #...
#....... ########


You could see an iron imp, Natasha, a white imp and a bat.

Vanquished Creatures
  Natasha (D:2)
  2 adders (D:2)
  An ooze (D:1)
  A dart slug (D:1)
  A ball python (D:1)
  4 bats (D:1)
  A giant cockroach (D:1)
  5 goblins
  4 hobgoblins
  3 jackals (D:2)
  2 frilled lizards (D:1)
  2 kobolds (D:1)
  2 rats (D:1)
29 creatures vanquished.

Notes
Turn   | Place    | Note
-------+----------+-------------------------------------------
     0 | D:1      | Bergy the Gargoyle Fighter began the quest for the Orb.
     0 | D:1      | Reached XP level 1. HP: 14/14 MP: 1/1
    87 | D:1      | Reached skill level 2 in Long Blades
   174 | D:1      | Reached XP level 2. HP: 19/19 MP: 2/2
   498 | D:1      | Reached skill level 3 in Long Blades
   747 | D:1      | Reached XP level 3. HP: 23/23 MP: 3/3
   959 | D:2      | Noticed Natasha
   996 | D:2      | Killed Natasha
   996 | D:2      | Reached skill level 4 in Long Blades
   996 | D:2      | Reached XP level 4. HP: 4/28 MP: 4/4
  1387 | D:2      | Noticed Natasha
  1399 | D:2      | HP: 1/28 [Natasha (11)]
  1400 | D:2      | Killed from afar by Natasha

Levels and vault maps discovered:
D:1:      dpeg_arrival_simpleton_a, layout_basic, grunt_decor_mini_mirrors
D:2:      layout_basic, elyvilon_altar_4, lemuel_coloured_pillars_altar,
          yredelemnul_forgotten_temple_becter, supply_closet_lemuel, uniq_robin,
          uniq_natasha

Skill      XL: |  1  2  3 |
---------------+----------+-----
Long Blades    | 2 3 4 |  4.1
Fighting       | |  3.2
Armour         | |  3.2
Shields        | |  3.2

Action                   |  1- 3 |  4- 6 || total
-------------------------+-------+-------++-------
Melee: Long sword        |    88 |    26 ||   114
  Eat: Chunk             |       |     2 ||     2
Armor: Scale mail        |    54 |    23 ||    77
Dodge: Dodged            |    31 |     9 ||    40
Block: Shield            |    42 |    25 ||    67
       Rpst.: Long sword |    12 |     3 ||    15
